Map: Bel'Shir Vestige LE (Void)

Players

Ben - Winner!

  • Race: Zerg Zerg
  • League: Diamond
  • Spawn Location: 11:00

Musumeci

  • Race: Zerg Zerg
  • League: Diamond
  • Spawn Location: 5:00

VOD

Have the link to the VOD?

Description

Time

  • Played on: April 3, 2017, 6:18 a.m.
  • Length: 13:13
Show
View Real Time Build Order
Export as new Build Order

Ben Zerg - Winner!

Build Orders: Pool First 

Get SALT Encoding   

  12  0:00  Drone  
  13  0:13  Overlord  
  13  0:18  Drone  
  14  0:31  Drone x2  
  16  0:35  Drone  
  17  0:47  Spawning Pool, Extractor  
  15  0:50  Drone  
  16  0:57  Drone  
  17  1:15  Drone  
  18  1:27  Drone  
  19  1:35  Queen  
  21  1:41  Zergling x2  
  22  1:50  Hatchery, Metabolic Boost  
  22  1:53  Zergling x2  
  22  2:05  Overlord  
  22  2:18  Baneling Nest  
  22  2:21  Drone  
  22  2:37  Drone  
  22  2:38  Drone  
  22  2:39  Zergling x2  
  25  2:44  Zergling x2  
  25  2:45  Zergling x4  
  28  2:52  Zergling x2  
  29  3:05  Zergling x4  
  31  3:22  Baneling x3  
  31  3:24  Zergling x10  
  36  3:38  Zergling x2  
  36  3:40  Overlord  
  36  3:48  Zergling x4  
  34  3:51  Zergling x2  
  34  3:56  Zergling x4  
  34  4:06  Zergling x6  
  34  4:08  Queen  
  34  4:09  Zergling x2  
  34  4:13  Zergling x2  
  35  4:20  Zergling x2  
  36  4:24  Baneling x3  
  36  4:25  Baneling, Zergling x2  
  36  4:30  Zergling x2  
  38  4:38  Zergling x2  
  38  4:41  Zergling x2  
  38  4:42  Zergling x2  
  40  4:49  Zergling x2  
  39  4:53  Zergling x6  
  41  5:02  Overlord  
  41  5:13  Overlord  
  41  5:14  Overlord  
  41  5:21  Zergling x6  
  43  5:23  Baneling x3  
  43  5:24  Baneling x3  
  38  5:38  Zergling x8  
  38  5:39  Zergling x4  
  44  5:48  Zergling x4  
  44  5:49  Zergling x4  
  40  5:50  Zergling x2  
  41  6:03  Zergling x4  
  39  6:09  Drone x4  
  39  6:10  Zergling x2  
  39  6:11  Zergling x2  
  45  6:15  Zergling x2  
  45  6:17  Zergling x2  
  47  6:33  Zergling x4  
  47  6:36  Zergling x6  
  49  6:41  Zergling x4  
  51  6:49  Baneling x4  
  51  6:50  Baneling x4, Zergling x2  
  51  6:51  Zergling x6  
  51  6:52  Baneling  
  51  6:53  Baneling  
  52  6:54  Drone  
  52  6:58  Drone  
  50  7:09  Zergling x4  
  52  7:21  Zergling x4  
  52  7:22  Drone, Zergling x2  
  49  7:25  Zergling x6  
  51  7:32  Zergling x4  
  49  7:40  Zergling x2  
  49  7:43  Zergling x2  
  48  7:48  Zergling x2  
  45  7:57  Zergling x2  
  46  8:00  Drone, Roach Warren  
  46  8:13  Drone x3  
  46  8:17  Lair  
  50  8:20  Drone x3  
  50  8:56  Drone  
  50  8:57  Drone, Overlord  
  50  8:58  Overlord  
  50  8:59  Extractor  
  50  9:16  Drone x2  
  50  9:17  Roach x3  
  50  9:18  Roach x3  
  62  9:28  Baneling x2  
  62  9:29  Roach, Baneling x3  
  62  9:30  Roach, Zergling x2, Overlord x2  
  67  9:38  Overlord  
  67  9:43  Extractor, Overlord  
  66  9:50  Roach x4  
  74  10:06  Drone  
  79  10:07  Roach x5  
  85  10:15  Evolution Chamber  
  85  10:21  Spore Crawler  
  85  10:25  Roach  
  85  10:26  Roach x5  
  95  10:31  Zergling x2  
  96  10:37  Overlord  
  96  10:39  Roach, Zergling x2  
  100  10:43  Overlord x2  
  100  11:01  Overlord x2  
  100  11:08  Hatchery  
  100  11:10  Roach  
  100  11:11  Roach x6  
  108  11:12  Roach  
  113  11:31  Roach x2  
  117  11:37  Roach x2  
  117  11:38  Roach x2  
  114  11:47  Roach  
  114  11:48  Roach x3  
  114  11:49  Zergling x2  
  114  11:53  Roach x2  
  115  11:56  Roach  
  115  12:00  Roach  
  105  12:08  Roach x3  
  111  12:10  Roach  
  111  12:11  Roach  
  112  12:21  Roach x3  
  118  12:23  Queen  
  118  12:24  Roach  
  118  12:25  Roach  
  124  12:36  Drone x2  
  126  12:38  Spore Crawler  
  126  12:41  Spore Crawler  
  122  12:45  Drone x2  
  120  12:54  Drone x4  
  120  12:58  Evolution Chamber  
  119  13:04  Spore Crawler  
Show
View Real Time Build Order
Export as new Build Order

Musumeci Zerg 

Build Orders: Hatch First 

Get SALT Encoding   

  12  0:04  Drone  
  13  0:17  Overlord  
  13  0:28  Drone  
  14  0:31  Drone, Extractor  
  14  0:35  Drone  
  16  0:39  Drone  
  17  0:55  Drone  
  18  0:58  Hatchery  
  17  1:14  Spawning Pool  
  17  1:16  Drone, Extractor  
  16  1:19  Drone  
  16  1:23  Drone  
  18  1:32  Drone  
  19  1:43  Overlord  
  19  1:54  Drone  
  20  2:00  Queen  
  22  2:05  Zergling x2  
  23  2:10  Queen  
  23  2:11  Drone  
  23  2:15  Drone  
  27  2:19  Metabolic Boost  
  27  2:27  Drone  
  27  2:28  Drone  
  29  2:32  Zergling x2  
  30  2:38  Baneling Nest  
  30  2:39  Queen  
  30  2:43  Drone  
  32  2:45  Zergling x2  
  33  3:03  Zergling x2  
  33  3:04  Zergling x2  
  33  3:05  Drone  
  35  3:14  Zergling x2  
  36  3:23  Baneling x3  
  32  4:02  Zergling x8  
  35  4:07  Zergling x2  
  35  4:08  Overlord x2  
  36  4:25  Baneling  
  36  4:26  Baneling  
  36  4:28  Drone x4  
  36  4:30  Drone x3  
  42  4:45  Hatchery  
  40  4:57  Zergling x10  
  40  4:58  Zergling x4  
  42  5:04  Baneling x2  
  42  5:05  Baneling x2  
  40  5:08  Zergling x4  
  40  5:11  Queen  
  40  5:12  Queen  
  40  5:13  Zergling x2  
  37  5:35  Drone, Baneling x4  
  37  5:36  Drone x3  
  37  5:37  Baneling x2  
  36  5:50  Zergling x4  
  37  6:03  Zergling x2  
  37  6:04  Zergling x4  
  37  6:11  Zergling x2  
  36  6:21  Baneling x2  
  36  6:23  Baneling x2  
  36  6:33  Zergling x2  
  36  6:34  Zergling x4  
  36  6:35  Zergling x10  
  42  6:50  Queen  
  42  6:52  Zergling x2  
  42  6:53  Zergling x2  
  45  6:55  Baneling x2  
  45  6:56  Baneling x2  
  42  7:11  Baneling x3  
  38  7:24  Baneling x4  
  37  7:37  Baneling x2  
  36  7:38  Zergling x6  
  36  7:39  Zergling x6  
  42  7:48  Baneling  
  40  7:56  Zergling x2  
  40  7:57  Zergling x2  
  42  7:59  Zergling x2  
  42  8:00  Zergling x4  
  42  8:01  Baneling  
  45  8:10  Evolution Chamber  
  44  8:15  Baneling, Evolution Chamber  
  44  8:16  Baneling  
  43  8:25  Baneling  
  43  8:32  Extractor  
  42  8:43  Zergling x20  
  42  8:48  Baneling x2  
  51  8:51  Baneling  
  51  9:03  Overlord  
  50  9:13  Zergling x2  
  50  9:23  Zergling x12  
  50  9:24  Zergling x4  
  58  9:32  Drone  
  59  9:43  Extractor  
  58  9:51  Drone  
  59  10:01  Extractor  
  59  10:03  Lair  
  59  10:06  Drone  
  59  10:07  Overlord  
  59  10:08  Overlord  
  59  10:09  Overlord  
  59  10:41  Overlord  
  56  10:58  Drone x3  
  56  10:59  Drone x3  
  62  11:05  Spire  
  61  11:12  Zergling x2  
  61  11:13  Zergling x22  
  66  11:50  Zergling x12  
  66  11:51  Zergling x8  
  60  11:56  Zergling x2  
  47  12:02  Zergling x2  
  38  12:18  Mutalisk x2  
  38  12:19  Mutalisk x4  
  44  12:30  Baneling x2  
  44  12:42  Mutalisk x2  
Tags
 
Add a new tag
Caveats
  • Supply blocks, unpowered buildings, or Contaminate may cause inaccurate times.
  • Supply counts are checked every 10 seconds.